 Dungeon Crawl Stone Soup version 0.32-a0-433-g08bcfe7efd (webtiles) character file.

Game seed: 12519516686172798387

123 Pooter the Chopper (level 4, -15/40 HPs)
             Began as a Minotaur Monk on Feb 22, 2024.
             Was a Priest of Elyvilon.
             Demolished by Crazy Yiuf
             ... wielding a +2 quarterstaff of chaos
              (20 damage)
             ... on level 2 of the Dungeon on Feb 23, 2024.
             The game lasted 00:11:20 (1453 turns).

Pooter the Chopper (Minotaur Monk)                  Turns: 1453, Time: 00:11:21

Health: -15/40     AC:  2    Str: 18    XL:     4   Next: 79%
Magic:  4/4        EV: 12    Int:  7    God:    Elyvilon [***...]
Gold:   71         SH:  0    Dex: 12    Spells: 3/3 levels left

rFire   . . .        a - +0 hand axe
rCold   . . .        d - orb {light}
rNeg    . . .        i - +0 robe
rPois   .            (helmet restricted)
rElec   .            (no cloak)
rCorr   .            (no gloves)
SInv    .            (no boots)
Will    .....        (no amulet)
Stlth   +            (no ring)
HPRegen 0.26/turn    (no ring)
MPRegen 0.09/turn

%: no passive effects
@: lethally poisoned (-15 -> -20), glowing
A: horns 2, retaliatory headbutt
a: Renounce Religion, Purification, Heal Other, Heal Self


You were on level 2 of the Dungeon.
You worshipped Elyvilon.
Elyvilon was most pleased with you.
You visited 1 branch of the dungeon, and saw 2 of its levels.

You collected 71 gold pieces.

Inventory:

Hand Weapons
 a - a +0 hand axe (weapon)
 b - a +0 sling
   (You found it on level 2 of the Dungeon)
Missiles
 Q - 38 stones (quivered)
Armour
 d - an orb of light (worn)
 i - a +0 robe (worn)
 n - a scarf of shadows
   (You found it on level 2 of the Dungeon)
Wands
 o - a wand of polymorph (6)
   (You found it on level 2 of the Dungeon)
Scrolls
 e - a scroll of blinking {unknown}
 f - a scroll of fog {unknown}
 g - a scroll of noise {unknown}
 m - a scroll of teleportation {unknown}
 q - a scroll of vulnerability {unknown}
Potions
 c - a potion of ambrosia
 h - a potion of attraction {unknown}
 j - 3 potions of heal wounds {unknown}
 k - a potion of degeneration {unknown}
 l - 2 potions of cancellation {unknown}
 p - a potion of berserk rage {unknown}
 r - a potion of enlightenment {unknown}


   Skills:
 + Level 4.2 Fighting
 * Level 4.8 Axes
 + Level 1.0 Ranged Weapons
 + Level 1.5 Throwing
 - Level 3.2 Dodging
 + Level 1.5 Invocations
 + Level 1.2 Evocations


You had 3 spell levels left.
You didn't know any spells.
Your spell library was empty.

Dungeon Overview and Level Annotations

Branches:
Dungeon (2/15) Zot: 10528

Altars:
Elyvilon

Annotations:
D:2 Crazy Yiuf


Innate Abilities, Weirdness & Mutations

You have a pair of horns on your head.
You reflexively headbutt those who attack you in melee.


Message History

a - a +0 hand axe (weapon)
You now have 71 gold pieces (gained 8).
You slash the ribbon worm! You headbutt the ribbon worm!
The ribbon worm bites you but does no damage.
You hit the ribbon worm.
You kill the ribbon worm!
A quokka comes into view.
The quokka barely misses you.
You hit the quokka.
You kill the quokka!
b - a +0 sling (weapon)
Found a scroll labelled SYNUP DULUE.
q - a scroll labelled SYNUP DULUE You open the door.
There is an open door here.
Found a fuming pink potion.
Found a bubbling ruby potion.
r - a fuming pink potion
j - 3 bubbling ruby potions (gained 1)
Press: ? - help, v - describe, . - travel, g - get item Item here: a hammer.
The floor.
Unknown command.
a - a +0 hand axe (weapon)
Okay, then.
You open the door.
Crazy Yiuf zaps a wand.
The puff of flame hits you.
Aiming: Polymorph
Press: ? - help, Shift-Dir - straight line, f - Crazy Yiuf
Aim: Crazy Yiuf, wielding a +2 quarterstaff of chaos, wearing a +1 cloak and carrying a wand of flame (haloed, will become an adder, a hound, or an endoplasm, chance to affect: 61%) Crazy Yiuf resists with significant effort.
You hit Crazy Yiuf.
Crazy Yiuf hits you with a +2 quarterstaff of chaos!
You hit Crazy Yiuf.
Crazy Yiuf hits you with a +2 quarterstaff of chaos.
You are poisoned.
You barely miss Crazy Yiuf.
You feel very sick.
Crazy Yiuf laughs, "Trifle hog snail!"
Crazy Yiuf misses you. You furiously retaliate!
You headbutt Crazy Yiuf. You hit Crazy Yiuf. You headbutt Crazy Yiuf.
You feel very sick. Crazy Yiuf barely misses you. You furiously retaliate!
You headbutt Crazy Yiuf. You hit Crazy Yiuf.
You feel sick.
Crazy Yiuf hits you with a +2 quarterstaff of chaos!
* * * LOW HITPOINT WARNING * * *
You are electrocuted!!
Ouch! That really hurt!
You die...

.........######....###..........#
...........# #....# #..........#
...........# ♣....♣ #..........#
....^......# ♣♣...♣ #....#######
...........# ♣♣.♣♣ #....#### #
........<..# ♣♣.♣ #.......# #
...........# ♣.♣♣ #..##...# #
.........### ♣♣.♣ #.......# #
########## ♣@♣♣ #.......# #
..########## #g# #.....÷.####
...........# ... #..##.......
..........## #...# #..##.......
...........# #)..# #..##.......
...†.......# ##### #..##.......
##.........# #.###.......
.#.........###########.##........
..........#............##........


You could see Crazy Yiuf.

Vanquished Creatures
  4 gnolls (D:2)
  2 adders (D:2)
  2 dart slugs
  A ribbon worm (D:2)
  4 endoplasms (D:1)
  2 giant cockroaches
  5 goblins
  A hobgoblin (D:1)
  2 jackals (D:2)
  A quokka (D:2)
  4 ball pythons
  3 bats
  2 frilled lizards
  5 kobolds
  7 rats
45 creatures vanquished.

Notes
Turn   | Place    | Note
-------+----------+-------------------------------------------
     0 | D:1      | Pooter the Minotaur Monk began the quest for the Orb.
     0 | D:1      | Reached XP level 1. HP: 19/19 MP: 0/0
   118 | D:1      | Reached XP level 2. HP: 24/27 MP: 1/1
   218 | D:1      | Reached XP level 3. HP: 33/33 MP: 2/2
   263 | D:1      | Reached skill level 1 in Invocations
   413 | D:1      | Reached skill level 1 in Throwing
   414 | D:1      | Found a faded altar of an unknown god.
   422 | D:1      | Prayed at the altar of an unknown god.
   422 | D:1      | Became a worshipper of Elyvilon the Healer
   422 | D:1      | Reached * piety under Elyvilon
   422 | D:1      | Reached ** piety under Elyvilon
   585 | D:2      | Upgraded the game from 0.32-a0-422-g28b100f618 to
                  | 0.32-a0-433-g08bcfe7efd
   599 | D:2      | Reached *** piety under Elyvilon
   847 | D:2      | Reached skill level 1 in Evocations
   859 | D:2      | Reached XP level 4. HP: 39/40 MP: 3/3
   976 | D:2      | Found a runed translucent door.
   977 | D:2      | Noticed Crazy Yiuf
  1143 | D:2      | Reached skill level 1 in Ranged Weapons
  1453 | D:2      | Demolished by Crazy Yiuf

Illustrated notes

Levels and vault maps discovered:
D:1:      dpeg_arrival_stonehenge_8_columns, layout_basic,
          ebering_ecumenical_altar_abandoned
D:2:      layout_basic, uniq_crazy_yiuf_cottage

Skill      XL: |  1  2  3  4 |
---------------+-------------+-----
Axes           | 4 |  4.8
Fighting       | 4 |  4.2
Invocations    | 1 |  1.5
Throwing       | 1 |  1.5
Evocations     | 1 |  1.2
Ranged Weapons | 1 |  1.0
Dodging        | |  3.2

Action                     |  1- 3 |  4- 6 || total
---------------------------+-------+-------++-------
  Melee: Hand axe          |    50 |    20 ||    70
         Headbutt          |     8 |     6 ||    14
   Fire: Sling             |    15 |    36 ||    51
  Throw: Stone             |     2 |     2 ||     4
  Evoke: Wand              |       |     1 ||     1
 Armour: Robe              |    20 |    16 ||    36
  Dodge: Dodged            |    24 |    16 ||    40

Table legend: (Time is in decaauts)
 A = Elapsed time spent in this place.
 B = Non-inter-level travel time spent in this place.
 C = Inter-level travel time spent in this place.
 D = Time resting spent in this place.
 E = Time spent auto-exploring this place.
 F = Levels seen in this place.
 G = Mean time per level.
                   A        B        C        D        E       F      G
               +--------+--------+--------+--------+--------+-----+--------+
         Total |   1470 |   1460 |     10 |    277 |    825 |   2 |  735.0 |
       Dungeon |   1470 |   1460 |     10 |    277 |    825 |   2 |  735.0 |
               +--------+--------+--------+--------+--------+-----+--------+

Top non-repeatable levels by time:
     D:2: 993 daAuts
     D:1: 477 daAuts
